ABL
NEWCASTLE BOMBERS @ GEELONG CATS
05/07/2022
 
TOP OF THE 1ST
Newcastle Bombers batting - Pitching for Geelong Cats : RHP Brenden Hancox
Pitching: RHP Brenden Hancox
Batting: SHB Darrin Dalley 0-0: Called Strike
0-1: Foul Ball, location: 2F
0-2: Ball
1-2: Ball
2-2: Foul Ball, location: 2F
2-2: Ground out 4-3 (Groundball, 4, EV 86.3 MPH)
Batting: RHB Frank Elmar 0-0: Ball
1-0: Foul Ball, location: 7LDF
1-1: Foul Ball, location: 9LMF
1-2: Foul Ball, location: 2F
1-2: Fly out, F8 (Line Drive, 78M, EV 98.1 MPH)
Batting: LHB Danny Newham 0-0: Ball
1-0: Ball
2-0: Ball
3-0: Called Strike
3-1: Base on Balls
Batting: RHB Matthew Holder 0-0: Ball
1-0: Ball
2-0: Ball
3-0: Base on Balls
Danny Newham to second
Batting: RHB Everett Essex 0-0: Ball
1-0: Ball
2-0: Fly out, F7 (Line Drive, 7, EV 95.0 MPH)
Top of the 1st over - 0 runs, 0 hits, 0 errors, 2 left on base; Newcastle 0 - Geelong 0
BOTTOM OF THE 1ST
Geelong Cats batting - Pitching for Newcastle Bombers : RHP Ray Strachan
Pitching: RHP Ray Strachan
Batting: LHB Bradley Patu 0-0: Called Strike
0-1: Ball
1-1: Foul Ball, location: 2F
1-2: Fly out, F9 (Flyball, 9LD, EV 105.0 MPH)
Batting: LHB Ben Kennard 0-0: SINGLE (Line Drive, 4MD, EV 96.9 MPH)
Batting: LHB Coty Teevan 0-0: Called Strike
0-1: Ball
1-1: Called Strike
1-2: Strikes out swinging
Batting: RHB Brian Telfer 0-0: Ball
1-0: Ball
2-0: Called Strike
2-1: Ball
3-1: Fielders Choice at 2nd, 6-4 (Groundball, 6, EV 105.6 MPH)
Bottom of the 1st over - 0 runs, 1 hit, 0 errors, 1 left on base; Newcastle 0 - Geelong 0
TOP OF THE 2ND
Newcastle Bombers batting - Pitching for Geelong Cats : RHP Brenden Hancox
Batting: LHB Darby Wellington 0-0: Swinging Strike
0-1: Foul Ball, location: 2F
0-2: Ball
1-2: Foul Ball, location: 2F
1-2: Strikes out swinging
Batting: RHB Adrian Stewart 0-0: Called Strike
0-1: Foul Ball, location: 5F
0-2: Ball
1-2: Ground out U3 (Groundball, 34S, EV 86.3 MPH)
Batting: LHB Rafael Pichardo 0-0: Ball
1-0: Ball
2-0: Called Strike
2-1: Ball
3-1: Base on Balls
Batting: RHB Ray Strachan 0-0: Called Strike
0-1: Ball
1-1: Fly out, F6 (Popup, 6M, EV 60.0 MPH)
Top of the 2nd over - 0 runs, 0 hits, 0 errors, 1 left on base; Newcastle 0 - Geelong 0
BOTTOM OF THE 2ND
Geelong Cats batting - Pitching for Newcastle Bombers : RHP Ray Strachan
Batting: RHB Brandon Horopapera 0-0: Foul Ball, location: 2F
0-1: Ball
1-1: Swinging Strike
1-2: Strikes out swinging
Batting: RHB Frederick Ella 0-0: Called Strike
0-1: Ball
1-1: SINGLE (Groundball, 4MD, EV 105.0 MPH)
Batting: RHB Rusty Corey 0-0: Called Strike
0-1: Called Strike
0-2: SINGLE (Line Drive, 8LS, EV 86.3 MPH)
Frederick Ella to second
Batting: RHB Erik Lucking 0-0: Ball
1-0: Ball
2-0: Called Strike
2-1: Fielders Choice at 2nd, 5-4 (Groundball, 56S, EV 87.5 MPH)
Frederick Ella to third
Batting: RHB Brenden Hancox 0-0: Called Strike
0-1: Ball
1-1: Foul Ball, location: 2F
1-2: Ball
2-2: Ball
3-2: Strikes out swinging
Bottom of the 2nd over - 0 runs, 2 hits, 0 errors, 2 left on base; Newcastle 0 - Geelong 0
TOP OF THE 3RD
Newcastle Bombers batting - Pitching for Geelong Cats : RHP Brenden Hancox
Batting: SHB Darrin Dalley 0-0: Called Strike
0-1: Bunted foul
0-2: SINGLE (Line Drive, 9LS, EV 95.0 MPH)
Batting: RHB Frank Elmar 0-0: Ball
1-0: Foul Ball, location: 2F
1-1: Ball
2-1: Foul Ball, location: 25FF
2-2: Foul Ball, location: 2F
2-2: Foul Ball, location: 2F
2-2: Strikes out swinging
Batting: LHB Danny Newham 0-0: Ball
Darrin Dalley steals 2nd base
1-0: Ball
2-0: Fly out, F9 (Flyball, 9S, EV 76.3 MPH)
Batting: RHB Matthew Holder 0-0: Ball
1-0: SINGLE (Groundball, 4MD, EV 105.6 MPH)
Darrin Dalley to third
Runner from 3rd tries for Home, SAFE, throw by CF to home
Batting: RHB Everett Essex 0-0: Foul Ball, location: 5F
0-1: Ground out 6-3 (Groundball, P, EV 93.8 MPH)
Top of the 3rd over - 1 run, 2 hits, 0 errors, 1 left on base; Newcastle 1 - Geelong 0
BOTTOM OF THE 3RD
Geelong Cats batting - Pitching for Newcastle Bombers : RHP Ray Strachan
Batting: LHB Bradley Patu 0-0: Fly out, F7 (Flyball, 7LM, EV 93.8 MPH)
Batting: LHB Ben Kennard 0-0: Called Strike
0-1: Swinging Strike
0-2: Foul Ball, location: 25FF
0-2: Foul Ball, location: 2F
0-2: Ball
1-2: Ball
2-2: Foul Ball, location: 2F
2-2: Foul Ball, location: 9LMFF
2-2: Ball
3-2: Foul Ball, location: 7LDF
3-2: Fly out, F8 (Flyball, 8RD, EV 108.8 MPH)
Batting: LHB Coty Teevan 0-0: Ball
1-0: Foul Ball, location: 5DF
1-1: Ball
2-1: Ball
3-1: Base on Balls
Batting: RHB Brian Telfer 0-0: Ball
1-0: Fly out, F7 (Flyball, 7, EV 93.8 MPH)
Bottom of the 3rd over - 0 runs, 0 hits, 0 errors, 1 left on base; Newcastle 1 - Geelong 0
TOP OF THE 4TH
Newcastle Bombers batting - Pitching for Geelong Cats : RHP Brenden Hancox
Batting: LHB Darby Wellington 0-0: Foul Ball, location: 2F
0-1: Ball
1-1: Ball
2-1: Ground out 6-3 (Groundball, P, EV 84.4 MPH)
Batting: RHB Adrian Stewart 0-0: Swinging Strike
0-1: Ball
1-1: Ball
2-1: Fly out, F6 (Line Drive, 6, EV 75.6 MPH)
Batting: LHB Rafael Pichardo 0-0: Ball
1-0: Ball
2-0: SINGLE (Groundball, 4M, EV 103.1 MPH) (infield hit)
Batting: RHB Ray Strachan 0-0: Ball
1-0: Swinging Strike
1-1: Called Strike
1-2: Ball
2-2: Fly out, F7 (Flyball, 7LM, EV 110.6 MPH)
Top of the 4th over - 0 runs, 1 hit, 0 errors, 1 left on base; Newcastle 1 - Geelong 0
BOTTOM OF THE 4TH
Geelong Cats batting - Pitching for Newcastle Bombers : RHP Ray Strachan
Batting: RHB Brandon Horopapera 0-0: Foul Ball, location: 5FF
0-1: Ground out 5-3 (Groundball, 5, EV 84.4 MPH)
Batting: RHB Frederick Ella 0-0: Called Strike
0-1: Swinging Strike
0-2: Ball
1-2: Ball
2-2: Fly out, F8 (Flyball, 8RD, EV 108.1 MPH)
Batting: RHB Rusty Corey 0-0: Foul Ball, location: 3F
0-1: Foul Ball, location: 2F
0-2: Foul Ball, location: 2F
0-2: Foul Ball, location: 5F
0-2: Ball
1-2: DOUBLE (Flyball, 8RXD, EV 111.9 MPH)
Batting: RHB Erik Lucking 0-0: Intentional Walk
Pinch Hitting: RHB Brian Sellick 0-0: Ground out U3 (Groundball, 3, EV 81.9 MPH)
Bottom of the 4th over - 0 runs, 1 hit, 0 errors, 2 left on base; Newcastle 1 - Geelong 0
TOP OF THE 5TH
Newcastle Bombers batting - Pitching for Geelong Cats : RHP Brenden Hancox
Pitching: LHP Corie Nash
Batting: SHB Darrin Dalley 0-0: Ball
1-0: Called Strike
1-1: Swinging Strike
1-2: Strikes out looking
Batting: RHB Frank Elmar 0-0: Called Strike
0-1: Ball
1-1: SINGLE (Line Drive, 8RS, EV 109.4 MPH)
Batting: LHB Danny Newham 0-0: Called Strike
Frank Elmar steals 2nd base
0-1: Ball
Wild Pitch!
Frank Elmar to third
1-1: Ball
2-1: Ball
Wild Pitch!
Frank Elmar scores
3-1: Called Strike
3-2: Foul Ball, location: 2F
3-2: Strikes out swinging
Batting: RHB Matthew Holder 0-0: Ground out 5-3 (Groundball, 56, EV 108.8 MPH)
Top of the 5th over - 1 run, 1 hit, 0 errors, 0 left on base; Newcastle 2 - Geelong 0
BOTTOM OF THE 5TH
Geelong Cats batting - Pitching for Newcastle Bombers : RHP Ray Strachan
Batting: LHB Bradley Patu 0-0: SINGLE (Line Drive, 89S, EV 107.5 MPH)
Batting: LHB Ben Kennard 0-0: Called Strike
0-1: Swinging Strike
0-2: Foul Ball, location: 2RF
0-2: Strikes out looking
Batting: LHB Coty Teevan 0-0: Ball
1-0: Foul Ball, location: 2F
1-1: Ball
2-1: Ball
3-1: Base on Balls
Bradley Patu to second
Batting: RHB Brian Telfer 0-0: Fly out, F9 (Flyball, 9D, EV 106.9 MPH)
Runner from 2nd tags up, SAFE at 3rd, no throw by RF
Batting: RHB Brandon Horopapera 0-0: Swinging Strike
0-1: Ball
1-1: Fielders Choice at 2nd, 6-4 (Groundball, 6, EV 102.5 MPH)
Bottom of the 5th over - 0 runs, 1 hit, 0 errors, 2 left on base; Newcastle 2 - Geelong 0
TOP OF THE 6TH
Newcastle Bombers batting - Pitching for Geelong Cats : LHP Corie Nash
Batting: RHB Everett Essex 0-0: Ball
1-0: Ball
2-0: Foul Ball, location: 2F
2-1: Ground out 6-3 (Groundball, 6, EV 90.6 MPH)
Batting: LHB Darby Wellington 0-0: Ball
1-0: SINGLE (Groundball, 6MD, EV 100.0 MPH)
Batting: RHB Adrian Stewart 0-0: Called Strike
0-1: Ball
1-1: Foul Ball, location: 7LSF
1-2: Strikes out swinging
Batting: LHB Rafael Pichardo 0-0: Called Strike
0-1: Ball
1-1: Ball
2-1: Foul Ball, location: 2F
2-2: Ball
3-2: Foul Ball, location: 2F
3-2: Fly out, F9 (Flyball, 9S, EV 85.0 MPH)
Top of the 6th over - 0 runs, 1 hit, 0 errors, 1 left on base; Newcastle 2 - Geelong 0
BOTTOM OF THE 6TH
Geelong Cats batting - Pitching for Newcastle Bombers : RHP Ray Strachan
Batting: RHB Frederick Ella 0-0: Called Strike
0-1: Foul Ball, location: 9LMF
0-2: Ground out 4-3 (Groundball, 4, EV 103.1 MPH)
Batting: RHB Rusty Corey 0-0: Ball
1-0: Ball
2-0: Ball
3-0: Called Strike
3-1: DOUBLE (Line Drive, 9LS, EV 110.6 MPH)
Batting: RHB Erik Lucking 0-0: Called Strike
0-1: Ball
1-1: Swinging Strike
1-2: Foul Ball, location: 9LDF
1-2: Strikes out looking
Pinch Hitting: LHB Nik Budge 0-0: Ball
1-0: Ball
2-0: Fly out, F7 (Flyball, 7D, EV 93.8 MPH)
Bottom of the 6th over - 0 runs, 1 hit, 0 errors, 1 left on base; Newcastle 2 - Geelong 0
TOP OF THE 7TH
Newcastle Bombers batting - Pitching for Geelong Cats : LHP Corie Nash
Pitching: RHP Dominic Pyatt
Batting: RHB Ray Strachan 0-0: Swinging Strike
0-1: SINGLE (Line Drive, 34D, EV 96.3 MPH)
Batting: SHB Darrin Dalley 0-0: Bunted foul
0-1: Bunted foul
0-2: Ball
1-2: Ball
2-2: Fly out, F8 (Flyball, 8LM, EV 91.3 MPH)
Batting: RHB Frank Elmar 0-0: Foul Ball, location: 2F
0-1: Ball
1-1: Ball
2-1: Ball
3-1: Base on Balls
Ray Strachan to second
Batting: LHB Danny Newham 0-0: Ball
1-0: Called Strike
1-1: Fly out, F8 (Flyball, 78M, EV 85.6 MPH)
Batting: RHB Matthew Holder 0-0: Called Strike
0-1: Ball
1-1: Ball
2-1: Fielders Choice at 3rd, U5 (Groundball, 5, EV 86.9 MPH)
Top of the 7th over - 0 runs, 1 hit, 0 errors, 1 left on base; Newcastle 2 - Geelong 0
BOTTOM OF THE 7TH
Geelong Cats batting - Pitching for Newcastle Bombers : RHP Ray Strachan
Pitching: LHP Denis Kivell
Batting: LHB Bradley Patu 0-0: Ground out 6-3 (Groundball, 6M, EV 103.1 MPH)
Batting: LHB Ben Kennard 0-0: Ball
1-0: Ball
2-0: Called Strike
2-1: Ground out 4-3 (Groundball, 4S, EV 84.4 MPH)
Batting: LHB Coty Teevan 0-0: Foul Ball, location: 7LSF
0-1: Ground out 4-3 (Groundball, 4, EV 104.4 MPH)
Bottom of the 7th over - 0 runs, 0 hits, 0 errors, 0 left on base; Newcastle 2 - Geelong 0
TOP OF THE 8TH
Newcastle Bombers batting - Pitching for Geelong Cats : RHP Dominic Pyatt
Batting: RHB Everett Essex 0-0: Ball
1-0: Ball
2-0: SINGLE (Line Drive, 8LS, EV 98.8 MPH)
Batting: LHB Darby Wellington 0-0: Ball
1-0: Swinging Strike
1-1: Ball
2-1: Foul Ball, location: 7LDF
2-2: Foul Ball, location: 25FF
2-2: Foul Ball, location: 7LSF
2-2: Ball
3-2: Base on Balls
Everett Essex to second
Batting: RHB Adrian Stewart 0-0: Swinging Strike
0-1: DOUBLE (Line Drive, 3D, EV 99.4 MPH)
Everett Essex scores
Darby Wellington to third
Batting: LHB Rafael Pichardo 0-0: Ball
1-0: Ball
2-0: Ball
3-0: Called Strike
3-1: Foul Ball, location: 2F
3-2: SINGLE (Groundball, 4D, EV 106.3 MPH)
Darby Wellington scores
Adrian Stewart to third
Pinch Hitting: RHB Newt Dingle 0-0: Ball
1-0: Ball
2-0: Foul Ball, location: 2F
2-1: Foul Ball, location: 9LDF
2-2: Grounds into double play, 4-6-3 (Groundball, 4, EV 105.6 MPH)
Adrian Stewart scores
Pitching: RHP Trevor Breayley
Batting: SHB Darrin Dalley 0-0: Called Strike
0-1: Ball
1-1: Ball
2-1: Ball
3-1: Foul Ball, location: 9LDF
3-2: Foul Ball, location: 2F
3-2: Strikes out swinging
Top of the 8th over - 3 runs, 3 hits, 0 errors, 0 left on base; Newcastle 5 - Geelong 0
BOTTOM OF THE 8TH
Geelong Cats batting - Pitching for Newcastle Bombers : LHP Denis Kivell
Pitching: LHP Reagan Weller
Batting: RHB Brian Telfer 0-0: Called Strike
0-1: Fly out, F8 (Flyball, 8LXD, EV 109.4 MPH)
Batting: RHB Brandon Horopapera 0-0: Ball
1-0: Fly out, F7 (Flyball, 7D, EV 102.5 MPH)
Batting: RHB Frederick Ella 0-0: Called Strike
0-1: Ball
1-1: Foul Ball, location: 2LF
1-2: Ball
2-2: Ball
3-2: Strikes out swinging
Bottom of the 8th over - 0 runs, 0 hits, 0 errors, 0 left on base; Newcastle 5 - Geelong 0
TOP OF THE 9TH
Newcastle Bombers batting - Pitching for Geelong Cats : RHP Trevor Breayley
Batting: RHB Frank Elmar 0-0: Ball
1-0: Ball
2-0: Foul Ball, location: 2F
2-1: Fly out, F3 (Popup, 34S, EV 84.4 MPH)
Batting: LHB Danny Newham 0-0: Ground out 6-3 (Groundball, 6, EV 88.1 MPH)
Batting: RHB Matthew Holder 0-0: Ball
1-0: Ball
2-0: Foul Ball, location: 9LSF
2-1: Ball
3-1: Foul Ball, location: 9LDF
3-2: Base on Balls
Batting: RHB Everett Essex 0-0: Called Strike
0-1: Ball
1-1: Foul Ball, location: 9LMF
1-2: Foul Ball, location: 9LMF
1-2: Strikes out swinging
Top of the 9th over - 0 runs, 0 hits, 0 errors, 1 left on base; Newcastle 5 - Geelong 0
BOTTOM OF THE 9TH
Geelong Cats batting - Pitching for Newcastle Bombers : LHP Reagan Weller
Batting: RHB Rusty Corey 0-0: Called Strike
0-1: Ball
1-1: SINGLE (Groundball, 6MD, EV 96.9 MPH)
Batting: RHB Erik Lucking 0-0: Ball
1-0: Ball
2-0: Ball
3-0: Called Strike
3-1: Fly out, F3 (Popup, 3SF, EV 70.6 MPH)
Pinch Hitting: LHB Freddy Marley 0-0: 2-RUN HOME RUN (Flyball, 9D, EV 101.3 MPH), Distance : 383 ft
Batting: LHB Bradley Patu 0-0: Foul Ball, location: 5DF
0-1: Foul Ball, location: 5SF
0-2: Ball
1-2: Fly out, F9 (Flyball, 9, EV 82.5 MPH)
Batting: LHB Ben Kennard 0-0: Ball
1-0: Foul Ball, location: 9LSF
1-1: Ball
2-1: Foul Ball, location: 7LSF
2-2: Ball
3-2: Strikes out swinging
Bottom of the 9th over - 2 runs, 2 hits, 0 errors, 0 left on base; Newcastle 5 - Geelong 2
Monday, April 29th , 2024 - OOTP Baseball 24.9 Build 80